 Dungeon Crawl Stone Soup version bcrawl-1.40.3b (webtiles) character file.

Game seed: 6405658714509275256

250607 Amelense the Carver (level 10, -15/77 HPs)
             Began as a Human Wanderer on Feb 5, 2024.
             Was a Follower of Cheibriados.
             Demolished by an orc berserker
             ... wielding a +0 war axe
              (23 damage)
             ... on level 8 of the Dungeon on Feb 6, 2024.
             The game lasted 01:29:52 (9007 turns).

Amelense the Carver (Human Wanderer)                Turns: 9007, Time: 01:29:53

Health: -15/77     AC: 14    Str: 16    XL:     10   Next: 43%
Magic:  8/10       EV: 14    Int: 15    God:    Cheibriados [*.....]
Gold:   670        SH:  0    Dex: 16    Spells: 9/9 levels left

rFire    + + .     GDR:     33% M - +2 halberd (vamp)
rCold    . . .     SeeInvis .   (shield currently unavailable)
rNeg     + + .     Gourm    +   r - +2 ring mail {MR+}
rPois    +         Faith    .   L - +1 helmet of the Thoughtful Spirits {*Drain rPois rF++ rN+}
rElec    .         Spirit   .   f - +0 cloak
rCorr    .         Reflect  .   u - +0 pair of gloves
MR       +....     Clarity  +   z - +0 pair of boots
Stlth    ..........             G - amulet of the gourmand
HPRegen  0.22/turn              D - ring "Gopp" {rN+ Stlth--}
MPRegen  0.12/turn              (no ring)

@: about to teleport, very slow
A: no striking features
a: Bend Time, Renounce Religion


You were on level 8 of the Dungeon.
You worshipped Cheibriados.
Cheibriados was aware of your devotion.
You were very full.

You visited 2 branches of the dungeon, and saw 9 of its levels.

You collected 670 gold pieces.

Inventory:

Hand Weapons
 a - a +0 shortbow
 g - a +0 scythe
 h - a +1 dagger of draining
 i - a +0 spear of flaming
 n - a +3 falchion of freezing
 s - a +0 dagger of draining
 E - a +0 war axe of flaming
 I - a +0 whip of flaming
 M - a +2 vampiric halberd (weapon)
 Q - a +1 short sword of protection
 T - a cursed -2 arbalest
Missiles
 c - 1110 arrows
 d - 288 poisoned tomahawks (quivered)
 l - 1577 stones
 J - 96 poisoned needles
Armour
 b - a +3 scale mail
 f - a +0 cloak (worn)
 r - a +2 ring mail of magic resistance (worn)
 u - a +0 pair of gloves (worn)
 z - a +0 pair of boots (worn)
 L - the +1 helmet of the Thoughtful Spirits (worn) {*Drain rPois rF++ rN+}
   (You took it off Robin on level 3 of the Dungeon)

   It greatly protects you from fire.
   It protects you from poison.
   It protects you from negative energy.
   It causes draining when unequipped.
Jewellery
 D - the ring "Gopp" (left hand) {rN+ Stlth--}
   (You found it on level 5 of the Dungeon)

   [ring of attention]

   It protects you from negative energy.
   It makes you much less stealthy.
 G - an amulet of the gourmand (around neck)
 P - a cursed ring of teleportation {unknown}
 S - an uncursed amulet of guardian spirit
Scrolls
 k - 2 scrolls of fog
 t - a scroll of noise
 v - a scroll of fear
 y - a scroll of blinking
 A - a scroll of revelation
 C - 3 scrolls of teleportation
 F - a scroll of enchant weapon
 H - a scroll of remove curse
Potions
 j - 4 potions of degeneration
 o - a potion of magic {unknown}
 p - 2 potions of flight
 q - 3 potions of curing {unknown}
 w - 2 potions of brilliance {unknown}
 x - 2 potions of cancellation {unknown}
 B - 3 potions of might {unknown}
 N - a potion of mutation {unknown}
Comestibles
 e - 6 rations {!d}


   Skills:
 * Level 6.9 Fighting
 - Level 8.7 Long Blades
 - Level 3.1(3.9) Axes
 * Level 3.5(4.1) Polearms
 - Level 1.8 Bows
 + Level 4.7 Throwing
 + Level 6.7 Armour
 + Level 6.5 Dodging
 + Level 1.0 Invocations


You had 9 spell levels left.
You didn't know any spells.
Your spell library was empty.

Dungeon Overview and Level Annotations

Branches:
Dungeon (8/12)             Temple (1/1) D:5             Orc (0/1) D:8
   Lair: D:7-9

Altars:
Ashenzari
Cheibriados
Dithmenos
Elyvilon
Fedhas
Gozag
Kikubaaqudgha
Lugonu
Makhleb
Nemelex Xobeh
Okawaru
Qazlal
Ru
Sif Muna
Trog
Uskayaw
Vehumet
Wu Jian
Xom
Zin
The Shining One


Message History

The orc berserker hits you with a +0 war axe.
A wight comes into view.
It is wielding a +3 falchion of freezing.
The orc berserker drinks a potion.
The orc berserker goes berserk!
The orc berserker hits you with a +0 war axe!!
The orc berserker rages. x2
You closely miss the orc berserker.
The orc berserker hits you with a +0 war axe!
The orc berserker barely misses you.
The orc berserker hits you with a +0 war axe!!
* * * LOW HITPOINT WARNING * * *
You feel much better.
The orc berserker hits you but does no damage.
A wight comes into view. It is wielding a +0 morningstar.
The orc berserker hits you with a +0 war axe!!
* * * LOW HITPOINT WARNING * * *
As you read the scroll of teleportation, it crumbles to dust.
You feel strangely unstable.
The orc berserker rages.
The orc berserker hits you with a +0 war axe!!
You die...

## #....# .# #....#
.# ##.#.# .# #.#.# ##
#.#.# #.#.# #.#.#
#.#.# ##### #.#@###
....# # #.#.oo#
[.#.#.########.###oo#
#.#............#


ozz# #†###.......####.>..# #.# #######.# #...## #.# #.####.#.# ### #.#
###........z ... #.#######..........# ### You could see 3 orc berserkers, 2
wights and an orc priest.

Vanquished Creatures
  Pikel (D:5)
  Grinder (D:3)
  2 hippogriffs (D:8)
  Sigmund (D:5)
  A yak (D:5)
  2 sky beasts
  An ice beast (D:8)
  A phantom (D:5)
  2 slaves (D:5)
  A necrophage (D:6)
  6 ogres
  2 bullfrogs
  A centaur (D:6)
  4 scorpions
  2 water moccasin skeletons
  A howler monkey (D:8)
  3 crimson imps
  2 bullfrog zombies
  2 hounds
  3 jellies
  3 bullfrog skeletons
  3 orc wizards
  3 worker ants
  3 iguanas
  A hound zombie (D:4)
  2 hound skeletons
  Robin (D:3)
  7 gnolls
  6 adders
  2 shadow imps
  An ooze (D:2)
  An adder zombie (D:5)
  4 adder skeletons
  2 worms
  2 dart slugs
  5 leopard geckos
  22 orcs
  7 bats
  5 giant cockroaches
  14 goblins
  15 hobgoblins
  7 jackals
  7 quokkas
  4 frilled lizards
  9 kobolds
  3 rats (D:1)
178 creatures vanquished.

Vanquished Creatures (others)
  A slave (D:5)
  A centaur (D:5)
  A scorpion (D:5)
3 creatures vanquished.

Grand Total: 181 creatures vanquished

Notes
Turn   | Place    | Note
-------+----------+-------------------------------------------
     0 | D:1      | Amelense the Human Wanderer began the quest for the Orb.
     0 | D:1      | Amelense set off with the following items: a +0 shortbow, a
                  | +2 scale mail, 139 arrows, a potion of berserk rage, a
                  | ration {!d}
     0 | D:1      | Reached XP level 1. HP: 18/18 MP: 1/1
   185 | D:1      | Reached XP level 2. HP: 19/24 MP: 2/2
   212 | D:1      | Reached skill level 1 in Bows
   737 | D:1      | Reached XP level 3. HP: 28/29 MP: 3/3
  1547 | D:2      | Reached XP level 4. HP: 32/35 MP: 4/4
  1568 | D:2      | Found a sacrificial altar of Ru.
  1862 | D:2      | Reached skill level 1 in Long Blades
  2306 | D:2      | Reached skill level 2 in Long Blades
  2307 | D:2      | Reached XP level 5. HP: 41/41 MP: 5/5
  2740 | D:3      | Identified the +1 helmet of the Thoughtful Spirits {*Drain
                  | rPois rF++ rN+}
  2740 | D:3      | Noticed Robin
  2784 | D:3      | Killed Robin
  3024 | D:3      | Noticed Grinder
  3034 | D:3      | Killed Grinder
  3035 | D:3      | Reached skill level 4 in Long Blades
  3035 | D:3      | Reached XP level 6. HP: 47/47 MP: 6/6
  3277 | D:4      | Reached skill level 5 in Long Blades
  3277 | D:4      | Reached XP level 7. HP: 35/52 MP: 7/7
  3876 | D:4      | Reached skill level 6 in Long Blades
  3889 | D:4      | Reached skill level 5 in Armour
  3889 | D:4      | Reached XP level 8. HP: 15/60 MP: 8/8
  4827 | D:5      | Entered Level 5 of the Dungeon
  4828 | D:5      | Noticed Sigmund
  4849 | D:5      | Killed Sigmund
  4850 | D:5      | Reached skill level 7 in Long Blades
  4908 | D:5      | Got a scorched bronze ring
  4973 | D:5      | Found a staircase to the Ecumenical Temple.
  5243 | D:5      | Reached skill level 5 in Fighting
  5243 | D:5      | Reached XP level 9. HP: 52/68 MP: 9/9
  5333 | D:5      | Noticed Pikel
  5358 | D:5      | Killed Pikel
  5359 | D:5      | Reached skill level 5 in Dodging
  5863 | Temple   | Entered the Ecumenical Temple
  6520 | Temple   | Became a worshipper of Cheibriados the Contemplative
  6777 | D:6      | Reached skill level 8 in Long Blades
  7147 | D:6      | Identified the cursed ring "Gopp" {rN+ Stlth--} (You found
                  | it on level 5 of the Dungeon)
  7331 | D:6      | Reached XP level 10. HP: 70/76 MP: 10/10
  8554 | D:8      | Reached * piety under Cheibriados
  8653 | D:8      | Reached skill level 1 in Polearms
  8895 | D:8      | Reached skill level 1 in Invocations
  8999 | D:8      | Found a staircase to the Orcish Mines.
  9007 | D:8      | Demolished by an orc berserker

Skill      XL: |  1  2  3  4  5  6  7  8  9 10 |
---------------+-------------------------------+-----
Bows           | 1 |  1.8
Armour         | 4 5 6 |  6.7
Long Blades    | 2 4 5 6 7 8 |  8.7
Dodging        | 2 3 4 6 |  6.5
Fighting       | 4 5 6 |  6.9
Throwing       | 3 4 |  4.7
Axes           | 3 |  3.1
Polearms       | 3 |  3.5
Invocations    | 1 |  1.0

Action                   |  1- 3 |  4- 6 |  7- 9 | 10-12 || total
-------------------------+-------+-------+-------+-------++-------
Melee: Shortbow          |    11 |       |       |       ||    11
       Falchion          |    46 |   117 |   266 |    57 ||   486
       Club              |    13 |       |       |       ||    13
       War axe           |       |       |    33 |       ||    33
       Halberd           |       |       |       |    60 ||    60
 Fire: Shortbow          |    68 |     3 |       |       ||    71
Throw: Stone             |       |     6 |       |       ||     6
       Tomahawk          |       |       |    42 |     2 ||    44
Invok: Bend Time         |       |       |       |     5 ||     5
  Use: Scroll            |     5 |     9 |     6 |     3 ||    23
       Potion            |     1 |     2 |     2 |     1 ||     6
  Eat: Chunk             |     4 |     2 |    13 |    18 ||    37
       Ration            |     1 |     1 |     3 |     1 ||     6
Armor: Scale mail        |    42 |       |       |       ||    42
       Ring mail         |     8 |    60 |   107 |    42 ||   217
Dodge: Dodged            |    47 |    91 |   178 |    87 ||   403
Block: Other             |       |       |    13 |     7 ||    20
